 Dungeon Crawl Stone Soup version 0.18-a0-33-g9e10395 (webtiles) character file.

65 TruthSerum the Cudgeler (level 4, -9/49 HPs)
             Began as an Ogre Berserker on Nov 6, 2015.
             Was a Priest of Trog.
             Killed from afar by an orc wizard (12 damage)
             ... with a puff of flame
             ... on level 3 of the Dungeon.
             The game lasted 00:08:42 (1696 turns).

TruthSerum the Cudgeler (Ogre Berserker)            Turns: 1696, Time: 00:08:44

Health: -9/49      AC:  3    Str: 22    XL:     4   Next: 14%
Magic:  4/4        EV: 10    Int:  6    God:    Trog [***...]
Gold:   89         SH:  0    Dex: 10    Spells: 0 memorised, 3 levels left

rFire  . . .     SeeInvis .     a - +0 mace
rCold  . . .     Clarity  .     b - +0 animal skin
rNeg   . . .     SustAt   .     (no shield)
rPois  .         Gourm    .     (helmet restricted)
rElec  .         Spirit   .     (no cloak)
rCorr  .         Warding  .     (gloves unavailable)
rMut   .         Stasis   .     (boots unavailable)
MR     .....                    k - amulet of regeneration
Stlth  +.........               (no ring)
                                (no ring)

@: flying, not resistant to hostile enchantments, very unstealthy
A: unfitting armour, tough skin 1
a: Berserk, Trog's Hand, Burn Spellbooks, Renounce Religion


You were on level 3 of the Dungeon.
You worshipped Trog.
Trog was most pleased with you.
You were not hungry.

You visited 1 branch of the dungeon, and saw 3 of its levels.

You collected 89 gold pieces.

Inventory:

Hand Weapons
 a - a +0 mace (weapon)
Armour
 b - a +0 animal skin (worn)
Jewellery
 k - an amulet of regeneration (around neck)
Scrolls
 e - a scroll of amnesia {unknown}
 i - 3 scrolls of identify {unknown}
 m - a scroll of fog {unknown}
 n - a scroll of recharging {unknown}
Potions
 f - 2 potions of haste {unknown}
 g - 2 potions of resistance {unknown}
 l - a potion of curing {unknown}
Comestibles
 c - 3 bread rations
 d - 19 chunks of flesh
 h - a meat ration


   Skills:
 + Level 4.7 Fighting
 + Level 4.8 Maces & Flails
 + Level 1.0 Armour
 + Level 3.2 Dodging


You had 3 spell levels left.
You didn't know any spells.

Dungeon Overview and Level Annotations

Branches:
Dungeon (3/15)

Altars:


Innate Abilities, Weirdness & Mutations

You are too large for most types of armour.
You have tough skin (AC +1).


Message History

You hear some strange, mumbled words.
A magic dart appears from out of thin air!
The magic dart hits you!
* * * LOW HITPOINT WARNING * * *
The orc closely misses you.
You hit the orc but do no damage. Something hits you.
* * * LOW HITPOINT WARNING * * *
The orc hits you with a mace.
* * * LOW HITPOINT WARNING * * *
Something hits you but does no damage.
You hit the orc but do no damage. The orc hits you but does no damage.
Something hits you.
* * * LOW HITPOINT WARNING * * *
It was a potion of flight.
You feel very buoyant.
You fly up into the air.
The orc barely misses you.
You hear some strange, mumbled words.
A puff of flame appears from out of thin air!
The puff of flame hits you!
You die...

#... ##... ....# .
...# ..... ... #
......####.###.###
.........o†.......
..........@.......
..>...###.........
.<...<#...........
.......<.#........
...##..)[.........
#$....>..........
..................
..........#..$....
..........##.....#


You could see an orc.

Vanquished Creatures
  3 giant geckos (D:2)
  5 orcs (D:3)
  3 ball pythons (D:1)
  11 hobgoblins
  4 jackals (D:1)
  3 kobolds
  7 bats
  2 giant cockroaches (D:1)
  5 giant newts
  8 goblins
  4 rats
55 creatures vanquished.

Notes
Turn   | Place    | Note
--------------------------------------------------------------
     0 | D:1      | TruthSerum the Ogre Berserker began the quest for the Orb.
     0 | D:1      | Reached XP level 1. HP: 24/24 MP: 1/1
    76 | D:1      | Reached XP level 2. HP: 32/32 MP: 2/2
   269 | D:1      | Reached ** piety under Trog
   761 | D:1      | Reached XP level 3. HP: 40/40 MP: 3/3
  1243 | D:2      | Reached skill level 1 in Armour
  1497 | D:2      | Reached *** piety under Trog
  1654 | D:3      | Reached XP level 4. HP: 49/49 MP: 4/4
  1695 | D:3      | HP: 2/49 [something (4)]
  1696 | D:3      | Killed from afar by an orc wizard

Vault maps used:
D:1:      minmay_arrival_jagged
D:3:      lemuel_blue_sif_altar, xom_redecorated, dk_noncrumbling_3

Action                   |  1- 3 |  4- 6 || total
-------------------------+-------+-------++-------
Melee: Mace              |   151 |    27 ||   178
Invok: Burn Spellbooks   |     1 |       ||     1
  Use: Potion            |       |     1 ||     1
 Stab: Sleeping          |     1 |       ||     1
  Eat: Chunk             |     3 |       ||     3
